 Dungeon Crawl Stone Soup version 0.31-a0-640-g39d97e502b (webtiles) character file.

Game seed: 10588282077376311462

25 greenreed the Ruffian (level 3, -1/28 HPs)
             Began as a Djinni Shapeshifter on Aug 27, 2023.
             Slain by a goblin
             ... wielding a +0 club
             ... led by Robin
              (3 damage)
             ... on level 2 of the Dungeon.
             The game lasted 00:01:03 (889 turns).

greenreed the Ruffian (Djinni Shapeshifter)          Turns: 889, Time: 00:01:03

Health: -1/28      AC:  2    Str: 15    XL:     3   Next: 20%
Gold:   42         EV: 12    Int: 11    God:
                   SH:  0    Dex: 12

rFire   + +          .
                       - Unarmed
rCold   x . .        (no shield)
rNeg    . . .        a - +0 animal skin
rPois   ∞            (helmet currently unavailable)
rElec   .            (cloak currently unavailable)
rCorr   .            (gloves currently unavailable)
SInv    .            (boots unavailable)
Will    .....        (no amulet)
Stlth   +            (no ring)
HPRegen 0.24/turn    (no ring)
MPRegen 0.00/turn

%: infuse magic (-2 HP)
@: beast-form, flying
A: beast (slay +1), flying, sickness immunity, fire resistance 2, cold
vulnerability 1, float, innate caster, HP casting, extra vitality 1
a: Begin Untransformation


You were on level 2 of the Dungeon.
You were a hulking beast.
You visited 1 branch of the dungeon, and saw 2 of its levels.

You collected 42 gold pieces.

Inventory:

Armour
 a - a +0 animal skin (worn)
Talismans
 c - a beast talisman (active)
 d - a flux talisman
Scrolls
 e - a scroll of enchant weapon {unknown}
 h - a scroll of vulnerability {unknown}
Potions
 b - a potion of lignification
 f - a potion of berserk rage {unknown}
 g - a potion of curing {unknown}


   Skills:
 * Level 1.7 Fighting
 + Level 2.5 Dodging
 * Level 3.3 Unarmed Combat
 + Level 2.8 Shapeshifting


You knew the following spells:

 Your Spells              Type           Power      Damage    Failure   Level
a - Sting                 Tmut/Pois      0%         1d3       34%         1
Your spell library was empty.

Dungeon Overview and Level Annotations

Branches:
Dungeon (2/15)

Altars:

Annotations:
D:2 Robin


Innate Abilities, Weirdness & Mutations

You are a hulking beast.
Your limbs bulge with bestial killing power. (Slay +1)
You are flying.
You are immune to sickness and miasma.
You are immune to poison.
Your flesh is very heat resistant. (rF++)
You are vulnerable to cold. (rC-)
You float through the air rather than walking.
You learn spells naturally, not from books.
Your magical power is your life essence.
You have superior vitality. (+4 MHP)


Message History

Robin shouts!
The jackal barks!
The goblin barely misses you.
You hit the goblin but do no damage.
The goblin hits you with a +0 dagger of venom.
You closely miss the goblin.
The goblin hits you with a +0 dagger of venom.
You barely miss the goblin.
The goblin hits you with a +0 dagger of venom.
A rat comes into view.
You closely miss the goblin. You closely miss the goblin.
Robin roars a battlecry!
The goblins go into a battle-frenzy!
The goblin hits you with a +0 dagger of venom.
The jackal barks!
You hear a bark!
You hit the goblin.
You kill the goblin!
You hear a shout!
You barely miss the goblin. Robin throws the goblin at you!
The goblin hits you but does no damage. The goblin closely misses you.
You hit the goblin.
The goblin is heavily wounded.
Robin says, "Duck!"
The goblin closely misses you. The goblin barely misses you.
You completely miss the goblin.
The goblin is heavily wounded.
The jackal barks!
You hear a shout!
Robin roars a battlecry!
The goblin hits you with a +0 club. x2
* * * LOW HITPOINT WARNING * * *
You punch the goblin!
You kill the goblin!
Robin throws the goblin at you! The goblin closely misses you.
A goblin comes into view. It is wielding a +0 club.
The goblin shouts!
You hit the goblin but do no damage. The goblin hits you with a +0 dagger.
* * * LOW HITPOINT WARNING * * *
Robin laughs in a distinctly smug fashion.
The goblin hits you with a +0 club.
You die...

###### ##...<#
########.....#
#........<.).#
#g############
#h# #g# #.ggh#


gg..rgh# .g.###.ghh .g #.##.. #. ..# .g ... .. .... You could see Robin, 4
jackals, 6 goblins and a rat.

Vanquished Creatures
  A dart slug (D:1)
  3 endoplasms (D:1)
  7 goblins
  A hobgoblin (D:1)
  2 jackals (D:1)
  A kobold (D:1)
  A bat (D:2)
  A frilled lizard (D:1)
  3 rats (D:1)
20 creatures vanquished.

Notes
Turn   | Place    | Note
-------+----------+-------------------------------------------
     0 | D:1      | greenreed the Djinni Shapeshifter began the quest for the
                  | Orb.
     0 | D:1      | Reached XP level 1. HP: 17/17 MP: 0/0
   182 | D:1      | Reached XP level 2. HP: 19/22 MP: 0/0
   864 | D:2      | Reached XP level 3. HP: 26/27 MP: 0/0
   864 | D:2      | Learned a level 1 spell: Sting
   877 | D:2      | Noticed Robin
   889 | D:2      | Slain by a goblin

Illustrated notes

Levels and vault maps discovered:
D:1:      lemuel_arrival_river_bridge, layout_basic
D:2:      layout_rooms, uniq_robin

Action                     || total
---------------------------++-------
  Melee: Unarmed           ||    63
         Punch             ||     1
   Stab: Sleeping          ||     1
 Armour: Animal skin       ||    13
  Dodge: Dodged            ||    22

Table legend: (Time is in decaauts)
 A = Elapsed time spent in this place.
 B = Non-inter-level travel time spent in this place.
 C = Inter-level travel time spent in this place.
 D = Time resting spent in this place.
 E = Time spent auto-exploring this place.
 F = Levels seen in this place.
 G = Mean time per level.
                   A        B        C        D        E       F      G
               +--------+--------+--------+--------+--------+-----+--------+
         Total |    885 |    819 |     66 |      0 |    691 |   2 |  442.5 |
       Dungeon |    885 |    819 |     66 |      0 |    691 |   2 |  442.5 |
               +--------+--------+--------+--------+--------+-----+--------+

Top non-repeatable levels by time:
     D:1: 834 daAuts
     D:2: 51 daAuts
